 Dungeon Crawl Stone Soup version 0.29.0-4-gdea44cf6ec (webtiles) character file.

Game seed: 2897767220866601545

176 qw the Chopper (level 5, -5/30 HPs)
             Began as a Tengu Warper on Aug 29, 2022.
             Slain by a gnoll
             ... wielding a +0 spear
              (6 damage)
             ... on level 4 of the Dungeon.
             The game lasted 00:01:02 (2929 turns).

qw the Chopper (Tengu Warper)                       Turns: 2929, Time: 00:01:03

Health: -5/30      AC:  7    Str: 14    XL:     5   Next: 56%
Magic:  9/9        EV: 11    Int: 13    God:
Gold:   184        SH:  0    Dex: 13    Spells: 8/8 levels left

rFire   . . .      SeeInvis .   Y - +0 war axe
rCold   . . .      Faith    .   (no shield)
rNeg    . . .      Spirit   .   h - +0 scale mail
rPois   .          Reflect  .   (helmet restricted)
rElec   .          Harm     .   k - +0 cloak
rCorr   .          Rampage  .   (no gloves)
Will    .....                   (boots unavailable)
Stlth   ..........              (no amulet)
HPRegen 0.10/turn               (no ring)
MPRegen 0.11/turn               (no ring)

@: flying quickly and evasively, quick
A: beak, talons 3, nimble flight
a: no special abilities


You were on level 4 of the Dungeon.
You visited 1 branch of the dungeon, and saw 4 of its levels.

You collected 184 gold pieces.


Innate Abilities, Weirdness & Mutations

You have a beak for a mouth.
You have claws for feet.
Your magical nature lets you fly swiftly and evasively.


   Skills:
 - Level 2.0 Fighting
 + Level 6.2 Axes
 - Level 1.0 Throwing
 - Level 1.1 Armour
 - Level 2.1 Dodging
 - Level 2.0 Spellcasting
 - Level 2.4 Translocations


You had 8 spell levels left.
You didn't know any spells.
Your spell library contained the following spells:

 Spells                   Type           Power      Damage    Failure   Level
 Blink                    Tloc           14%        N/A       54%         2
 Gell's Gravitas          Tloc           7%         N/A       77%         3
 Lesser Beckoning         Tloc           7%         N/A       77%         3
 Teleport Other           Tloc           7%         N/A       77%         3
 Manifold Assault         Tloc           7%         N/A       100%        5

Inventory:

Hand Weapons
 j - a +2 whip of electrocution
 Y - a +0 war axe (weapon)
Armour
 h - a +0 scale mail (worn)
 k - a +0 cloak (worn)
Scrolls
 e - 2 scrolls of identify
Potions
 a - a potion of degeneration {unknown}
 b - a potion of flight {unknown}
 c - a potion of haste {unknown}
 d - a potion of magic {unknown}
 f - 2 potions of curing
 g - a potion of might
 i - a potion of brilliance {unknown}
 l - a potion of cancellation {unknown}
 m - a potion of invisibility {unknown}
 n - a potion of resistance {unknown}

Dungeon Overview and Level Annotations

Branches:
Dungeon (4/15)
 Temple: D:4-7

Altars:
Nemelex Xobeh
Wu Jian


Message History

The quokka is heavily wounded.
The quokka barely misses you. The goblin hits you but does no damage.
You hit the quokka. You claw the quokka.
You kill the quokka!
You hit the goblin but do no damage. The goblin barely misses you.
The gnoll hits you but does no damage.
You hit the gnoll. You claw the gnoll.
The gnoll is moderately wounded.
You hit the gnoll. You slash the goblin!
You kill the goblin!
The gnoll hits you but does no damage. The gnoll completely misses you.
The gnoll closely misses you. The gnoll misses you.
Your Axes skill increases to level 6!
You hit the gnoll. You claw the gnoll.
The gnoll is severely wounded.
You slash the gnoll! The gnoll closely misses you. The gnoll misses you.
The gnoll hits you with a +0 flail! The gnoll closely misses you.
You barely miss the gnoll. You claw the gnoll.
The gnoll is almost dead.
You closely miss the gnoll. The gnoll misses you.
The gnoll hits you but does no damage. The gnoll hits you with a +0 flail.
The gnoll hits you from afar with a +0 spear.
You slash the gnoll!
You kill the gnoll!
You hit the gnoll but do no damage.
The gnoll hits you from afar with a +0 spear. x2
The gnoll closely misses you. x3; The gnoll hits you with a +0 club.
You slash the gnoll!
You kill the gnoll!
The gnoll hits you from afar with a +0 spear.
The gnoll misses you. The gnoll hits you but does no damage.
The gnoll hits you with a +0 spear.
Things that are here:
a +0 club; a quokka corpse You slash the gnoll!
The gnoll is severely wounded.
The gnoll barely misses you. The gnoll hits you with a +0 spear.
You die...

.##..... #.........
.....#.######......#
#
..........##......#
# #.......##.######
#
#........%....#####
#..(..###.###..%...
#.....# #.# #.#.###
#.##..)..###+###...#
#
#....@)....+_###.###
# ###...gg[###+###.#
# #......# #.# #
#......# #.# #
#....$... ..# #
#......... ...
#.........# .##
#.......... #.


You could see 2 gnolls.

Vanquished Creatures
  2 hounds (D:4)
  2 gnolls (D:4)
  2 adders
  5 dart slugs
  2 orcs (D:3)
  5 bats
  9 endoplasms
  4 giant cockroaches
  5 hobgoblins
  3 quokkas
  7 ball pythons
  5 frilled lizards
  6 goblins
  6 kobolds
  3 rats
66 creatures vanquished.

Notes
Turn   | Place    | Note
-------+----------+-------------------------------------------
     0 | D:1      | qw the Tengu Warper began the quest for the Orb.
     0 | D:1      | Reached XP level 1. HP: 12/12 MP: 4/4
     0 | D:1      | 0 ||| qw: Version: 0.1-a-89-g26bdef1
     0 | D:1      | 0 ||| qw: Game counter: 3448
     0 | D:1      | 0 ||| qw: Always use a shield: true
     0 | D:1      | 0 ||| qw: God list: Okawaru
     0 | D:1      | 0 ||| qw: Allow faded altars: false
     0 | D:1      | 0 ||| qw: Do Orc after D:15 true
     0 | D:1      | 0 ||| qw: Do second Lair branch before Depths: true
     0 | D:1      | 0 ||| qw: Lair rune preference: random
     0 | D:1      | 0 ||| qw: Plans: Normal
     0 | D:1      | 0 ||| PLANNING D:1-11
   192 | D:1      | 192 ||| SWAPPING to +0 war axe.
   198 | D:1      | 198 ||| DROPPING +0 hand axe.
   203 | D:1      | Reached XP level 2. HP: 17/17 MP: 6/6
   212 | D:1      | Reached skill level 3 in Axes
   492 | D:1      | 492 ||| DROPPING +0 club.
   609 | D:1      | Reached XP level 3. HP: 21/21 MP: 7/7
   968 | D:1      | 968 ||| UPGRADING to +0 scale mail.
   978 | D:1      | 978 ||| DROPPING +0 leather armour.
   979 | D:1      | 979 ||| READING scroll labelled XEN NIOPRUOLUA.
   980 | D:1      | 980 ||| READING 3 scrolls labelled SUONOH INIU.
   981 | D:1      | 981 ||| READING 2 scrolls of identify.
   981 | D:1      | 981 ||| IDENTIFYING fizzy pink potion
   982 | D:1      | 982 ||| DROPPING scroll of blinking.
   983 | D:1      | 983 ||| DROPPING potion of attraction.
  1043 | D:2      | Found an ornate altar of the Wu Jian Council.
  1178 | D:2      | Found a faded altar of an unknown god.
  1192 | D:2      | Reached skill level 4 in Axes
  1626 | D:2      | 1626 ||| READING scroll labelled HOLIGA POZO.
  1627 | D:2      | 1627 ||| READING scroll labelled TAONUL PUPYESH.
  1628 | D:2      | 1628 ||| READING scroll labelled ELIP ADUMUTWES.
  1629 | D:2      | 1629 ||| DRINKING 2 golden potions.
  1660 | D:2      | 1660 ||| READING 2 scrolls of identify.
  1660 | D:2      | 1660 ||| IDENTIFYING black potion
  1661 | D:2      | 1661 ||| DROPPING potion of lignification.
  1763 | D:3      | 1763 ||| Stepping ~*~*~tactically~*~*~ (stealth).
  1764 | D:3      | 1764 ||| Stepping ~*~*~tactically~*~*~ (stealth).
  1767 | D:3      | Reached XP level 4. HP: 26/26 MP: 8/8
  2172 | D:3      | 2172 ||| Stepping ~*~*~tactically~*~*~ (stealth).
  2597 | D:3      | 2597 ||| UPGRADING to +0 cloak.
  2602 | D:3      | 2602 ||| DRINKING 2 sedimented yellow potions.
  2670 | D:4      | 2670 ||| Stepping ~*~*~tactically~*~*~ (stealth).
  2678 | D:4      | Reached skill level 5 in Axes
  2680 | D:4      | 2680 ||| Stepping ~*~*~tactically~*~*~ (stealth).
  2681 | D:4      | 2681 ||| Stepping ~*~*~tactically~*~*~ (stealth).
  2757 | D:4      | Gained mutation: Your magical nature lets you fly swiftly
                  | and evasively. [Tengu growth]
  2757 | D:4      | Reached XP level 5. HP: 19/30 MP: 9/9
  2895 | D:4      | Found a sparkling altar of Nemelex Xobeh.
  2904 | D:4      | 2904 ||| Stepping ~*~*~tactically~*~*~ (stealth).
  2905 | D:4      | 2905 ||| Stepping ~*~*~tactically~*~*~ (stealth).
  2924 | D:4      | Reached skill level 6 in Axes
  2926 | D:4      | HP: 5/30 [gnoll/+0 club (3)]
  2928 | D:4      | HP: 1/30 [gnoll/+0 spear (3)]
  2929 | D:4      | Slain by a gnoll

Levels and vault maps discovered:
D:1:      onia_arrival_pyramid, layout_basic, minmay_hexomino_p4
D:2:      layout_rooms, ebering_ecumenical_altar_ruins, basic_altar,
          lemuel_another_geyser
D:3:      layout_basic, bh_walls_and_bars
D:4:      layout_basic, lemuel_doored_altar, minmay_distorted, uniq_eustachio

Skill      XL: |  1  2  3  4  5 |
---------------+----------------+-----
Axes           | 3 4 5 6 |  6.2
Fighting       | |  2.0
Throwing       | |  1.0
Armour         | |  1.1
Dodging        | |  2.1
Spellcasting   | |  2.0
Translocations | |  2.4

Action                   |  1- 3 |  4- 6 || total
-------------------------+-------+-------++-------
Melee: Hand axe          |     4 |       ||     4
       War axe           |    66 |    54 ||   120
       Kick              |    18 |    18 ||    36
       Peck              |     8 |     8 ||    16
       Punch             |     2 |       ||     2
Throw: Boomerang         |     7 |       ||     7
       Javelin           |       |     2 ||     2
  Use: Scroll            |     7 |       ||     7
       Potion            |     1 |     1 ||     2
Armor: Leather armour    |     6 |       ||     6
       Scale mail        |     9 |    26 ||    35
Dodge: Dodged            |    27 |    30 ||    57

Table legend:
 A = Non-vault XP
 B = Vault XP
 C = Vault XP percentage of total XP
 D = Non-vault monster count
 E = Vault monster count
 F = Vault count percentage of total count
                 A         B        C        D         E       F
            +---------+---------+-------+---------+---------+-------
      Total |     247 |       5 |   2.0 |      62 |       4 |   6.1
            +---------+---------+-------+---------+---------+-------
        D:1 |      34 |       5 |  12.8 |      19 |       4 |  17.4
        D:2 |      35 |       0 |   0.0 |      14 |       0 |   0.0
        D:3 |      31 |       0 |   0.0 |      16 |       0 |   0.0
        D:4 |     147 |       0 |   0.0 |      13 |       0 |   0.0
            +---------+---------+-------+---------+---------+-------
